 Dungeon Crawl Stone Soup version 0.27-b1-42-g19c61b19a5 (webtiles) character file.

Game seed: 12170671054213149412

495 Almogavar the Magician (level 6, -4/28 HPs)
             Began as a Spriggan Conjurer on July 30, 2021.
             Engulfed by a steam dragon's steam (9 damage)
             ... on level 6 of the Dungeon.
             The game lasted 00:14:10 (5699 turns).

Almogavar the Magician (Spriggan Conjurer)          Turns: 5699, Time: 00:14:10

Health: -4/28      AC:  3    Str:  3    XL:     6   Next: 92%
Magic:  20/25      EV: 17    Int: 22    God:
Gold:   189        SH:  0    Dex: 13    Spells: 11/18 levels left

rFire    . . .     SeeInvis +   p - +3 dagger
rCold    + . .     Faith    .   (shield restricted)
rNeg     + . .     Spirit   .   u - +0 robe of Okawaru's Scorn {*Slow rCorr MP+9}
rPois    .         Reflect  .   (helmet restricted)
rElec    .         Harm     .   n - +0 cloak
rCorr    +         Rampage  .   (gloves unavailable)
Will     +....                  (boots unavailable)
Stlth    +++.......             (no amulet)
HPRegen  0.09/turn              r - ring of positive energy
MPRegen  0.19/turn              q - ring of protection from cold

@: very quick
A: very small, no large weapons, unfitting armour, see invisible, speed 3
a: no special abilities


You were on level 6 of the Dungeon.
You visited 1 branch of the dungeon, and saw 6 of its levels.

You collected 320 gold pieces.
You spent 131 gold pieces at shops.

Inventory:

Hand Weapons
 p - a +3 dagger (weapon)
Armour
 g - a +0 robe of fire resistance
 n - a +0 cloak (worn)
 u - the +0 robe of Okawaru's Scorn (worn) {*Slow rCorr MP+9}
   (You bought it in a shop on level 1 of the Dungeon)

   MP:        It affects your magic capacity (+9).
   rCorr:     It protects you from acid and corrosion.
   *Slow:     It may slow you when you take damage.
Magical Staves
 e - a staff of fire
Jewellery
 h - a ring of resist corrosion
 q - a ring of protection from cold (right hand)
 r - a ring of positive energy (left hand)
Scrolls
 a - a scroll of identify {unknown}
 b - 2 scrolls of teleportation {unknown}
 c - a scroll of fog {unknown}
 i - 2 scrolls of holy word {unknown}
 t - a scroll of silence {unknown}
 y - a scroll of vulnerability {unknown}
 z - a scroll of fear {unknown}
Potions
 d - 2 potions of attraction {unknown}
 f - a potion of brilliance {unknown}
 j - a potion of ambrosia {unknown}
 k - a potion of cancellation {unknown}
 l - a potion of haste {unknown}
 m - 2 potions of curing
 o - a potion of mutation {unknown}
 s - 2 potions of degeneration {unknown}
 v - a potion of flight {unknown}
 w - a potion of heal wounds {unknown}
 x - 2 potions of resistance {unknown}


   Skills:
 + Level 3.0 Dodging
 + Level 4.2 Stealth
 + Level 6.5 Spellcasting
 + Level 4.7 Conjurations


You had 11 spell levels left.
You knew the following spells:

 Your Spells              Type           Power      Damage    Failure   Level
a - Magic Dart            Conj           100%       1d8       1%          1
b - Searing Ray           Conj           56%        3d5       1%          2
c - Iskenderun's Mystic   Conj/Tloc      17%        2d5       32%         4

Your spell library contained the following spells:

 Spells                   Type           Power      Damage    Failure   Level
 Dazzling Flash           Conj/Hex       34%        N/A       10%         3
 Fulminant Prism          Conj/Hex       8%         3d7       32%         4


Dungeon Overview and Level Annotations

Branches:
Dungeon (6/15)
 Temple: D:4-7

Altars:
Xom

Shops:
D:1 [   D:5 =!


Innate Abilities, Weirdness & Mutations

You are very small and have problems with some larger weapons.
You are too small for most types of armour.
You have supernaturally acute eyesight. (SInv)
You cover ground extremely quickly. (Speed+++)


Message History

Casting: Searing Ray (safe; 1% risk of failure)
Confirm with . or Enter, or press ? or * to list all spells.
Aiming: Searing Ray (safe; 1% risk of failure)
Press: ? - help, Shift-Dir - straight line, f - orc
Aim: an orc, wielding a +0 flail (79% to hit)
The searing ray hits the orc!
You kill the orc! (Press . to maintain the ray.)
You climb upwards.
There is a stone staircase leading down here.
You start resting.
Magic restored.
You climb downwards.
There is a stone staircase leading up here.
Casting: Searing Ray (safe; 1% risk of failure)
Confirm with . or Enter, or press ? or * to list all spells.
Aiming: Searing Ray (safe; 1% risk of failure)
Press: ? - help, Shift-Dir - straight line, f - steam dragon
Aim: a steam dragon (79% to hit)
The searing ray hits the steam dragon.
The steam dragon is lightly wounded. (Press . to maintain the ray.) Unknown command.
The searing ray hits the steam dragon.
The steam dragon is moderately wounded.
The steam dragon breathes steam at you. The ball of steam hits you!!
Ouch! That really hurt!
You hear a shout! x3
The searing ray hits the steam dragon.
The steam dragon is heavily wounded.
You are engulfed in a cloud of scalding steam.
* * * LOW HITPOINT WARNING * * *
The steam dragon barely misses you.
The steam dragon claws you but does no damage.
The searing ray hits the steam dragon.
The steam dragon is heavily wounded.
You finish channeling your searing ray.
You are engulfed in a cloud of scalding steam.
You die...

# . # .##### ..
# #.#....# ..#
#.#§#....#....
##...§.........
#............#
#@.....#
##D....#
.[..... .#(....
##)..#. .## .
##.! .. ...# .


You could see a steam dragon (catching breath).

Vanquished Creatures
  An ice beast (D:5)
  An ogre (D:5)
  A hound (D:4)
  An orc priest (D:4)
  Jessica (D:2)
  An iguana (D:5)
  2 orc wizards (D:5)
  4 adders
  2 gnolls (D:6)
  An adder skeleton (D:4)
  2 worms
  17 orcs
  4 endoplasms
  2 giant cockroaches
  3 goblins
  11 hobgoblins
  9 jackals
  7 kobolds
  5 quokkas
  A ball python (D:2)
  3 bats (D:1)
  3 frilled lizards
  4 rats
86 creatures vanquished.

Vanquished Creatures (others)
  A plant (D:1)
1 creature vanquished.

Grand Total: 87 creatures vanquished

Notes
Turn   | Place    | Note
-------+----------+-------------------------------------------
     0 | D:1      | Almogavar the Spriggan Conjurer began the quest for the
                  | Orb.
     0 | D:1      | Reached XP level 1. HP: 9/9 MP: 5/5
   200 | D:1      | Found Cacabb's Antique Armour Shop.
   480 | D:1      | Reached XP level 2. HP: 13/13 MP: 0/6
   664 | D:1      | Learned a level 2 spell: Searing Ray
  1083 | D:2      | Found a faded altar of an unknown god.
  1117 | D:2      | Reached skill level 3 in Spellcasting
  1329 | D:2      | Reached XP level 3. HP: 16/16 MP: 3/8
  1510 | D:2      | Noticed Jessica
  1517 | D:2      | Killed Jessica
  1843 | D:2      | Reached XP level 4. HP: 21/21 MP: 8/10
  3460 | D:4      | Reached skill level 4 in Spellcasting
  3460 | D:4      | Reached XP level 5. HP: 24/24 MP: 7/12
  3997 | D:4      | Reached skill level 5 in Spellcasting
  4542 | D:1      | Bought a creamy pearl robe for 131 gold pieces
  4542 | D:1      | Identified the +0 robe of Okawaru's Scorn {*Slow rCorr
                  | MP+9} (You bought it in a shop on level 1 of the Dungeon)
  4670 | D:5      | Entered Level 5 of the Dungeon
  4740 | D:5      | Learned a level 4 spell: Iskenderun's Mystic Blast
  4752 | D:5      | Found Safeirr's Distillery.
  4827 | D:5      | Found Maroon's Jewellery Shop.
  4914 | D:5      | Noticed an ice beast
  4920 | D:5      | Killed an ice beast
  4921 | D:5      | Reached XP level 6. HP: 22/28 MP: 15/15
  5167 | D:5      | Reached skill level 6 in Spellcasting
  5419 | D:5      | Found a shimmering altar of Xom.
  5637 | D:6      | Noticed a steam dragon
  5699 | D:6      | Engulfed by a steam dragon's steam

Illustrated notes

Levels and vault maps discovered:
D:1:      dpeg_arrival_simpleton_c, layout_basic, serial_shops,
          nicolae_shop_overgrown_old_shop
D:2:      layout_loops_cross, shapermc_ecumenical_altar_acropolis,
          hangedman_glass_teeth, uniq_jessica
D:3:      layout_basic, nicolae_overflow_hidden_temple
D:4:      layout_basic, serial_rivers, chequers_serial_rivers_room_a,
          chequers_serial_rivers_large_b, chequers_serial_rivers_marsh,
          chequers_serial_rivers_marsh, chequers_serial_rivers_room_b
D:5:      layout_loops_ring, mainiacjoe_overflow_chevrons, serial_shops,
          nicolae_take_the_stairs, nicolae_stop_n_shop_1
D:6:      cheibrodos_fzero, layout_cave_pools

Skill      XL: |  1  2  3  4  5  6 |
---------------+-------------------+-----
Conjurations   | 3 4 |  4.7
Spellcasting   | 3 4 5 6 |  6.5
Dodging        | 3 |  3.0
Stealth        | 4 |  4.2

Action                   |  1- 3 |  4- 6 || total
-------------------------+-------+-------++-------
Melee: Unarmed           |     1 |       ||     1
       Dagger            |       |    13 ||    13
 Cast: Magic Dart        |    61 |    66 ||   127
       Searing Ray       |     4 |    31 ||    35
 Stab: Sleeping          |       |     1 ||     1
Armor: Robe              |     1 |     1 ||     2
Dodge: Dodged            |    15 |    11 ||    26
